 Dungeon Crawl Stone Soup version 0.19.4-12-gccf7e64 (webtiles) character file.

132 Rrauwl the Skirmisher (level 4, -1/39 HPs)
             Began as a Minotaur Warper on Feb 27, 2017.
             Was an Initiate of Okawaru.
             Killed by divine providence
             ... invoked by an orc priest
              (11 damage)
             ... on level 3 of the Dungeon.
             The game lasted 00:07:03 (1816 turns).

Rrauwl the Skirmisher (Minotaur Warper)             Turns: 1816, Time: 00:07:03

Health: -1/39      AC: 10    Str: 19    XL:     4   Next: 92%
Magic:  6/6        EV: 12    Int: 10    God:    Okawaru [......]
Gold:   82         SH:  0    Dex: 11    Spells: 0 memorised, 7 levels left

rFire  . . .     SeeInvis .     k - +1 mace (protect)
rCold  + . .     Gourm    .     b - +0 leather armour
rNeg   . . .     Faith    .     (no shield)
rPois  .         Spirit   .     (helmet restricted)
rElec  .         Reflect  .     (no cloak)
rCorr  .         Harm     .     (no gloves)
MR     .....                    (no boots)
Stlth  +.........               (no amulet)
                                o - ring of protection from cold
                                p - +4 ring of strength

@: protection aura
A: retaliatory headbutt, horns 2
a: Renounce Religion


You were on level 3 of the Dungeon.
You worshipped Okawaru.
Okawaru was noncommittal.
You were not hungry.

You visited 1 branch of the dungeon, and saw 3 of its levels.

You collected 82 gold pieces.

Inventory:

Hand Weapons
 a - a +0 hand axe
 k - a +1 mace of protection (weapon)
Missiles
 e - 5 tomahawks of dispersal (quivered)
Armour
 b - a +0 leather armour (worn)
Jewellery
 n - an uncursed ring of magical power
 o - a ring of protection from cold (right hand)
 p - a +4 ring of strength (left hand)
Scrolls
 d - a scroll of blinking
 j - 2 scrolls of teleportation {unknown}
 m - a scroll of noise
 q - a scroll of enchant armour {unknown}
 r - a scroll of fear {unknown}
Potions
 h - 3 potions of curing
 i - a potion of might
 l - a potion of flight
Books
 c - a book of Spatial Translocations

   Spells                             Type                      Level
   a - Blink                          Translocation                2
   b - Shroud of Golubria             Charms/Translocation         2
   c - Lesser Beckoning               Translocation                3
   d - Portal Projectile              Translocation                3
   e - Teleport Other                 Translocation                3
   f - Passage of Golubria            Translocation                4
Comestibles
 f - 7 bread rations
 g - a chunk of flesh
 s - a royal jelly


   Skills:
 + Level 3.6 Fighting
 + Level 3.3 Axes
 - Level 1.0 Throwing
 + Level 2.8 Armour
 + Level 3.1 Dodging
 - Level 2.0 Spellcasting
   Level 2.1 Translocations
 + Level 0.0 Invocations


You had 7 spell levels left.
You didn't know any spells.

Dungeon Overview and Level Annotations

Branches:
Dungeon (3/15)

Altars:
Okawaru


Innate Abilities, Weirdness & Mutations

You reflexively headbutt those who attack you in melee.
You have a pair of horns on your head.


Message History

The orc priest barely misses you.
Items here: ( ))) [ †† You hit the orc priest but do no damage.
Your weapon exudes an aura of protection.
The orc priest hits you with a mace.
You closely miss the orc priest. The orc priest barely misses you.
You barely miss the orc priest. The orc priest hits you with a mace!
The orc priest hits you with a mace.
You closely miss the orc priest. The orc priest barely misses you.
You hit the orc priest but do no damage.
Your weapon exudes an aura of protection.
The orc priest hits you but does no damage.
You hit the orc priest but do no damage.
The orc priest hits you with a mace!
* * * LOW HITPOINT WARNING * * *
You closely miss the orc priest. You headbutt the orc priest.
The orc priest is lightly wounded.
The orc priest invokes the aid of Beogh against you.
Beogh smites you!
You die...

#.....o$.#......
#........#######
#........#
.........#
......!?..
...........
###...........
#.o............
#@## #..# ##.#
#########.###...
##................
#.....####........
#.....# #........
#.....# #........
#.....#####.......


You could see an orc priest.

Vanquished Creatures
  2 orc wizards (D:3)
  An adder (D:3)
  2 oozes
  An adder skeleton (D:3)
  2 dart slugs
  A leopard gecko (D:2)
  4 orcs (D:3)
  3 giant cockroaches
  4 goblins
  6 hobgoblins
  4 jackals (D:2)
  A quokka (D:3)
  2 bats
  8 frilled lizards
  5 kobolds
  A quokka skeleton (D:3)
  A rat (D:1)
48 creatures vanquished.

Notes
Turn   | Place    | Note
-------+----------+-------------------------------------------
     0 | D:1      | Rrauwl the Minotaur Warper began the quest for the Orb.
     0 | D:1      | Reached XP level 1. HP: 18/18 MP: 1/1
   305 | D:1      | Reached XP level 2. HP: 21/25 MP: 3/3
   901 | D:2      | Found an iron altar of Okawaru.
   909 | D:2      | Reached XP level 3. HP: 28/30 MP: 4/4
   915 | D:2      | Became a worshipper of Warmaster Okawaru
  1493 | D:3      | Reached XP level 4. HP: 14/38 MP: 5/5
  1816 | D:3      | Killed from afar by an orc priest

Skill      XL: |  1  2  3  4 |
---------------+-------------+-----
Armour         | 2 |  2.8
Fighting       | 3 |  3.6
Axes           | 3 |  3.3
Dodging        | 3 |  3.1
Spellcasting   | 2 |  2.0
Throwing       | |  1.0
Translocations | |  2.1

Action                   |  1- 3 |  4- 6 || total
-------------------------+-------+-------++-------
Melee: Hand axe          |    30 |       ||    30
       Headbutt          |    13 |     5 ||    18
       Mace              |    62 |    29 ||    91
  Use: Scroll            |     4 |       ||     4
       Potion            |     3 |       ||     3
 Stab: Sleeping          |     1 |       ||     1
  Eat: Chunk             |     2 |     1 ||     3
Armor: Leather armour    |    27 |    12 ||    39
Dodge: Dodged            |    57 |    21 ||    78
